 Dungeon Crawl Stone Soup version 0.31-a0-1591-g515db51 (webtiles) character file.

Game seed: 15006973170531174656

2651 blake the Magician (level 9, -7/67 HPs)
             Began as a Djinni Fire Elementalist on Jan 6, 2024.
             Was a Follower of Makhleb.
             Mangled by Jeremiah
             ... wielding a +2 trident of draining
              (11 damage)
             ... on level 7 of the Dungeon.
             The game lasted 00:22:06 (6304 turns).

blake the Magician (Djinni Fire Elementalist)       Turns: 6304, Time: 00:22:06

Health: -7/67      AC:  5    Str:  7    XL:     9   Next: 93%
Gold:   432        EV: 19    Int: 20    God:    Makhleb [*.....] SH:  0 Dex: 15

rFire   + + +        (no weapon)
rCold   x . .        (no shield)
rNeg    . . .        a - +0 robe
rPois   ∞            e - +2 helmet
rElec   .            k - scarf {repulsion}
rCorr   .            (no gloves)
SInv    .            (boots unavailable)
Will    .....        (no amulet)
Stlth   +++          d - +5 ring of evasion
HPRegen 0.31/turn    c - ring of protection from fire
MPRegen 0.00/turn

%: repel missiles, infuse magic (-8 HP)
@: attractive, flying
A: sickness immunity, fire resistance 2, cold vulnerability 1, float, innate
caster, HP casting, extra vitality 1
a: Renounce Religion


You were on level 7 of the Dungeon.
You worshipped Makhleb.
Makhleb was aware of your devotion.
You visited 2 branches of the dungeon, and saw 9 of its levels.

You collected 432 gold pieces.

Inventory:

Armour
 a - a +0 robe (worn)
 e - a +2 helmet (worn)
 k - a scarf of repulsion (worn)
Jewellery
 c - a ring of protection from fire (right hand)
 d - a +5 ring of evasion (left hand)
 p - a ring of protection from fire
 q - a ring of willpower
 D - a ring of protection from cold
Wands
 o - a wand of mindburst (9)
 s - a wand of paralysis (11)
 x - a wand of flame (7)
 z - a wand of iceblast (8)
 F - a wand of polymorph (11)
Scrolls
 g - 2 scrolls of enchant armour {unknown}
 i - a scroll of torment {unknown}
 j - 2 scrolls of noise
 l - a scroll of revelation
 n - 2 scrolls of amnesia
 t - 2 scrolls of teleportation
 u - a scroll of vulnerability {unknown}
 w - a scroll of summoning
 y - a scroll of fear {unknown}
 B - 2 scrolls of poison {unknown}
 E - a scroll of blinking {unknown}
Potions
 b - a potion of ambrosia
 f - 3 potions of might
 h - a potion of attraction
 m - 2 potions of enlightenment
 r - a potion of lignification
 v - 2 potions of haste {unknown}
 A - a potion of berserk rage {unknown}
 C - 4 potions of curing {unknown}


   Skills:
 + Level 6.7 Fighting
 - Level 5.8 Dodging
 - Level 4.7 Stealth
 + Level 7.2 Spellcasting
 + Level 7.2 Conjurations
 + Level 7.2 Hexes
 + Level 7.2 Summonings
 + Level 7.2 Necromancy
 + Level 7.2 Translocations
 + Level 7.2 Fire Magic
 + Level 7.2 Ice Magic
 + Level 7.2 Air Magic
 + Level 7.2 Earth Magic
 + Level 7.2 Alchemy


You knew the following spells:

 Your Spells              Type           Power      Damage    Failure   Level
a - Foxfire               Conj/Fire      100%       2x1d9     1%          1
b - Scorch                Fire           72%        2d8       1%          2
c - Volatile Blastmotes   Fire/Tloc      72%        2d16      1%          3
d - Inner Flame           Hex/Fire       36%        N/A       1%          3
e - Flame Wave            Conj/Fire      36%        2d10      4%          4
f - Apportation           Tloc           72%        N/A       1%          1
g - Call Imp              Summ           72%        N/A       1%          2
h - Lesser Beckoning      Tloc           72%        N/A       1%          2
i - Fulminant Prism       Conj/Alch      18%        3d11      4%          4
Your spell library was empty.

Dungeon Overview and Level Annotations

Branches:
Dungeon (8/15)             Temple (1/1) D:6
   Lair: D:8-11

Altars:
Ashenzari
Cheibriados
Dithmenos
Fedhas
Gozag
Makhleb
Nemelex Xobeh
Okawaru
Qazlal
Ru
Trog
Uskayaw
Wu Jian
Xom
Yredelemnul
Zin
The Shining One

Annotations:
D:7 Jeremiah


Innate Abilities, Weirdness & Mutations

You are immune to sickness and miasma.
You are immune to poison.
Your flesh is very heat resistant. (rF++)
You are vulnerable to cold. (rC-)
You float through the air rather than walking.
You learn spells naturally, not from books.
Your magical power is your life essence.
You have superior vitality. (+4 MHP)


Message History

Something smites you!
* * * LOW HITPOINT WARNING * * *
Casting: Flame Wave (dangerous; 4% risk of failure)
Confirm with . or Enter, or press ? or * to list all spells.
Casting: Flame Wave (dangerous; 4% risk of failure)
Press: ? - help, Dir - look around, f - activate A wave of flame ripples out! (Press . to intensify the flame waves.)
* * * LOW HITPOINT WARNING * * *
A wave of flame ripples out!
The flame wave engulfs the butterfly!
You kill the butterfly!
The butterfly disappears in a burst of colours!
The flame wave engulfs the butterfly.
You kill the butterfly!
The butterfly disappears in a burst of colours!
The flame wave engulfs the butterfly!
You kill the butterfly!
The butterfly disappears in a burst of colours!
The flame wave engulfs the butterfly!
You kill the butterfly!
The butterfly disappears in a burst of colours!
* * * LOW HITPOINT WARNING * * *
A wave of flame ripples out!
The flame wave engulfs the butterfly!!
You kill the butterfly!
The butterfly disappears in a burst of colours!
The flame wave engulfs the butterfly!
You kill the butterfly!
The butterfly disappears in a burst of colours!
The flame wave engulfs Jeremiah.
Jeremiah resists.
Jeremiah is severely wounded.
* * * LOW HITPOINT WARNING * * *
You finish channelling waves of flame.
Jeremiah throws their arms up pleadingly.
Something smites you!
* * * LOW HITPOINT WARNING * * *
It was a potion of attraction.
You feel attractive to monsters.
Jeremiah hits you from afar with a +2 trident of draining!
You die...
Jeremiah asks, "Is it over?
Can I wake up now?"

#.# #.# #.# #.# #.# #.#
#############.# #.#
.##..........##.####.#
.....$.......##....#.#
.....$.......'......>#
.....b....(..#####.#.#
.......@b....# #^#.###
........bF...# #...... #####
........bb...# ###.###
.#fbb#######..........#######.###
.'Fb.'..b.##..........#.>........
.#bb.####)##..........#.#####.###
#b..# #..#........b.#.# #.# #...#
##...##########.# #.#
#...#######..#########.# #.#


You could see Jeremiah.

Vanquished Creatures
  Sigmund (D:2)
  A wyvern (D:8)
  A wraith (D:8)
  Grum (D:8)
  2 orc warriors (D:8)
  A sky beast (D:7)
  A centaur (D:7)
  4 wolves (D:8)
  A kobold brigand (D:7)
  2 bullfrogs
  4 scorpions
  5 wights (D:8)
  A howler monkey (D:5)
  2 bombardier beetles
  3 hounds
  A jelly (D:7)
  A sleepcap (D:6)
  6 iguanas
  2 orc wizards (D:8)
  8 gnolls
  8 adders
  A shadow imp (D:3)
  A white imp (D:6)
  2 ribbon worms (D:2)
  12 orcs
  4 endoplasms
  2 giant cockroaches
  5 goblins
  8 hobgoblins
  9 kobolds
  A quokka (D:5)
  5 ball pythons
  8 bats
  8 frilled lizards (D:1)
  3 rats
125 creatures vanquished.

Vanquished Creatures (collateral kills)
  2 foxfires
2 creatures vanquished.

Vanquished Creatures (others)
  572 foxfires
  2 fulminant prisms (D:7)
574 creatures vanquished.

Grand Total: 701 creatures vanquished

Notes
Turn   | Place    | Note
-------+----------+-------------------------------------------
     0 | D:1      | blake the Djinni Fire Elementalist began the quest for the
                  | Orb.
     0 | D:1      | blake set off with the following spells memorised: Foxfire,
                  | Scorch, Volatile Blastmotes, Inner Flame, Flame Wave.
     0 | D:1      | Reached XP level 1. HP: 15/15 MP: 0/0
   206 | D:1      | Reached XP level 2. HP: 19/21 MP: 0/0
   322 | D:1      | Found a faded altar of an unknown god.
   571 | D:1      | Reached XP level 3. HP: 23/25 MP: 0/0
   571 | D:1      | Learned a level 1 spell: Apportation
  1463 | D:2      | Noticed Sigmund
  1472 | D:2      | Killed Sigmund
  1473 | D:2      | Reached XP level 4. HP: 22/31 MP: 0/0
  1473 | D:2      | Reached XP level 5. HP: 25/35 MP: 0/0
  1473 | D:2      | Learned a level 2 spell: Call Imp
  1473 | D:2      | Reached XP level 6. HP: 29/40 MP: 0/0
  2387 | D:3      | Reached XP level 7. HP: 43/45 MP: 0/0
  2387 | D:3      | Learned a level 2 spell: Lesser Beckoning
  2919 | D:5      | Entered Level 5 of the Dungeon
  3166 | D:5      | Reached skill level 5 in Dodging
  3638 | D:5      | Reached XP level 8. HP: 44/50 MP: 0/0
  3719 | D:5      | Reached skill level 5 in Spellcasting
  3719 | D:5      | Reached skill level 5 in Conjurations
  3719 | D:5      | Reached skill level 5 in Hexes
  3719 | D:5      | Reached skill level 5 in Summonings
  3719 | D:5      | Reached skill level 5 in Necromancy
  3719 | D:5      | Reached skill level 5 in Translocations
  3719 | D:5      | Reached skill level 5 in Fire Magic
  3719 | D:5      | Reached skill level 5 in Ice Magic
  3719 | D:5      | Reached skill level 5 in Air Magic
  3719 | D:5      | Reached skill level 5 in Earth Magic
  3719 | D:5      | Reached skill level 5 in Alchemy
  4081 | D:6      | Reached skill level 1 in Fighting
  4117 | D:6      | Found a staircase to the Ecumenical Temple.
  4155 | Temple   | Entered the Ecumenical Temple
  4221 | Temple   | Became a worshipper of Makhleb the Destroyer
  5050 | D:7      | Noticed Jeremiah
  5451 | D:7      | Reached XP level 9. HP: 51/62 MP: 0/0
  5451 | D:7      | Learned a level 4 spell: Fulminant Prism
  5697 | D:8      | Reached skill level 5 in Fighting
  5987 | D:8      | Reached * piety under Makhleb
  5992 | D:8      | Noticed Grum
  6003 | D:8      | Killed Grum
  6304 | D:7      | Mangled by Jeremiah

Illustrated notes

Levels and vault maps discovered:
D:1:      shiori_shiawase, layout_basic, shapermc_ecumenical_altar_acropolis,
          minmay_lizard_king
D:2:      layout_basic, minivault_24, uniq_sigmund
D:3:      layout_basic
D:4:      layout_rooms, kennysheep_generic_room_12
D:5:      layout_loops_cross
D:6:      layout_loops_ring, temple_doors_e, serial_rivers,
          chequers_serial_rivers_room_b, chequers_serial_rivers_room_a,
          chequers_serial_rivers_micro_e, chequers_serial_rivers_large_b,
          chequers_serial_rivers_marsh, chequers_serial_rivers_micro_b,
          chequers_decorated_corner, hex_medium, dk_noncrumbling_2
D:7:      layout_basic, uniq_jeremiah
D:8:      layout_rooms, serial_shops, shop, uniq_grum
Temple:   mainiacjoe_temple_cubbyholes

Skill      XL: |  1  2  3  4  5  6  7  8  9 |
---------------+----------------------------+-----
Stealth        | 2 3 4 |  4.7
Dodging        | 4 5 |  5.8
Spellcasting   | 4 5 7 |  7.2
Conjurations   | 4 5 7 |  7.2
Hexes          | 4 5 7 |  7.2
Summonings     | 4 5 7 |  7.2
Necromancy     | 4 5 7 |  7.2
Translocations | 4 5 7 |  7.2
Fire Magic     | 4 5 7 |  7.2
Ice Magic      | 4 5 7 |  7.2
Air Magic      | 4 5 7 |  7.2
Earth Magic    | 4 5 7 |  7.2
Alchemy        | 4 5 7 |  7.2
Fighting       | 3 6 |  6.7

Action                     |  1- 3 |  4- 6 |  7- 9 || total
---------------------------+-------+-------+-------++-------
  Melee: Unarmed           |     1 |       |       ||     1
   Cast: Foxfire           |   108 |    52 |   218 ||   378
         Scorch            |       |    22 |    48 ||    70
         Volatile Blastmot |       |       |    19 ||    19
         Call Imp          |       |       |     3 ||     3
         Flame Wave        |       |       |     4 ||     4
         Fulminant Prism   |       |       |     2 ||     2
  Evoke: Wand              |       |       |     1 ||     1
    Use: Scroll            |       |     4 |     5 ||     9
         Potion            |       |       |     1 ||     1
   Stab: Sleeping          |     1 |       |       ||     1
 Armour: Robe              |    13 |     1 |    19 ||    33
  Dodge: Dodged            |    32 |    10 |    49 ||    91
         Repelled          |       |     1 |       ||     1

Table legend: (Time is in decaauts)
 A = Elapsed time spent in this place.
 B = Non-inter-level travel time spent in this place.
 C = Inter-level travel time spent in this place.
 D = Time resting spent in this place.
 E = Time spent auto-exploring this place.
 F = Levels seen in this place.
 G = Mean time per level.
                   A        B        C        D        E       F      G
               +--------+--------+--------+--------+--------+-----+--------+
         Total |   6302 |   6020 |    282 |      0 |   5091 |   9 |  700.2 |
       Dungeon |   6181 |   6019 |    162 |      0 |   5091 |   8 |  772.6 |
        Temple |    121 |      1 |    120 |      0 |      0 |   1 |  121.0 |
               +--------+--------+--------+--------+--------+-----+--------+

Top non-repeatable levels by time:
     D:1: 1040 daAuts
     D:5: 1004 daAuts
     D:6: 990 daAuts
     D:3: 790 daAuts
     D:8: 746 daAuts
     D:2: 688 daAuts
     D:7: 520 daAuts
     D:4: 399 daAuts
  Temple: 121 daAuts
